 Dungeon Crawl Stone Soup version 0.31-a0-164-g2312942fda (webtiles) character file.

Game seed: 3205240128996006585

1136 dohliylev the Ruffian (level 8, -1/75 (78) HPs)
             Began as a Troll Berserker on June 13, 2023.
             Was a Priest of Trog.
             Slain by a gnoll
             ... wielding a +0 club
              (4 damage)
             ... on level 6 of the Dungeon.
             The game lasted 00:08:34 (4301 turns).

dohliylev the Ruffian (Troll Berserker)             Turns: 4301, Time: 00:08:34

HP:   -1/75 (78)    AC:  5    Str: 28    XL:     8   Next: 14%
MP:   7/7           EV: 10    Int:  3    God:    Trog [***...]
Gold: 389           SH:  0    Dex:  9    Spells: 7/7 levels left

rFire   . .          .
                       - Unarmed
rCold   . . .        (no shield)
rNeg    + + .        a - +1 animal skin
rPois   .            (helmet restricted)
rElec   .            (no cloak)
rCorr   .            (gloves unavailable)
SInv    .            (boots unavailable)
Will    ++...        (no amulet)
Stlth   +            c - ring of positive energy
HPRegen 2.12/turn    h - ring of positive energy
MPRegen 0.10/turn

%: no passive effects
@: lethally poisoned (-1 -> -2), strong-willed, on berserk cooldown,
regenerating, slowed, lightly drained, very slow
A: large, unfitting armour, claws 3, regeneration 1, shaggy fur 1, tough skin 1
a: Renounce Religion, Berserk, Trog's Hand


You were on level 6 of the Dungeon.
You worshipped Trog.
Trog was most pleased with you.
You visited 1 branch of the dungeon, and saw 6 of its levels.

You collected 389 gold pieces.

Inventory:

Armour
 a - a +1 animal skin (worn)
Jewellery
 c - a ring of positive energy (left claw)
 h - a ring of positive energy (right claw)
Wands
 o - a wand of charming (9)
Scrolls
 f - 5 scrolls of identify {unknown}
 k - 2 scrolls of teleportation {unknown}
 p - a scroll of enchant weapon {unknown}
 q - a scroll of vulnerability {unknown}
Potions
 d - a potion of attraction {unknown}
 e - a potion of curing {unknown}
 j - a potion of heal wounds
 l - 2 potions of invisibility
 m - a potion of mutation {unknown}
 n - a potion of might {unknown}


   Skills:
 * Level 4.2 Fighting
 + Level 4.7 Dodging
 + Level 7.8 Unarmed Combat
 + Level 0.1 Evocations


You had 7 spell levels left.
You didn't know any spells.
Your spell library was empty.

Dungeon Overview and Level Annotations

Branches:
Dungeon (6/15)             Temple (0/1) D:6

Altars:
Dithmenos
Gozag
Kikubaaqudgha
Okawaru
Ru
Sif Muna
Wu Jian
Xom
Zin


Innate Abilities, Weirdness & Mutations

You are too large for most types of armour.
You have claws for hands.
Your natural rate of healing is unusually fast.
You are covered in fur. (AC +1)
You have tough skin. (AC +1)


Message History

The wight hits you from afar with a +3 trident!
You partially resist.
You feel drained. The adder bites you.
You are more poisoned.
The adder poisons you!
You miss the adder.
The adder is almost dead.
You feel very sick. The gnoll barely misses you. The orc barely misses you.
The wight hits you from afar with a +3 trident!
You partially resist.
You feel drained. The adder closely misses you.
The orc hits you with a +0 trident. The wight closely misses you.
The wight barely misses you. The gnoll hits you with a +0 whip!
You closely miss the adder.
The adder is almost dead.
You feel sick.
The adder bites you but does no damage. x2
The wight barely misses you.
The wight hits you from afar with a +3 trident!
* * * LOW HITPOINT WARNING * * *
The orc hits you with a +0 trident.
* * * LOW HITPOINT WARNING * * *
The gnoll hits you with a +0 whip.
* * * LOW HITPOINT WARNING * * *
As you read the scroll labelled DOID TIMOTHRUPS, it crumbles to dust.
You feel aware of your surroundings.
It was a scroll of revelation.
You feel sick. The adder bites you.
* * * LOW HITPOINT WARNING * * *
You are more poisoned.
The adder poisons you! The gnoll hits you with a +0 club.
* * * LOW HITPOINT WARNING * * *
The orc hits you but does no damage. The wight barely misses you.
The gnoll barely misses you.
The wight hits you from afar with a +3 trident.
* * * LOW HITPOINT WARNING * * *
You partially resist.
You feel drained. The adder bites you but does no damage.
As you read the scroll labelled TYIRRUZIDY, it crumbles to dust.
It is a scroll of brand weapon.
You aren't carrying any weapons that can be branded.
You feel very sick. The adder closely misses you.
The gnoll hits you with a +0 club.
You die...

*,,,,,,,,,,,,***,*,,,,,,,,,,,,,,,
**,,,,,,,$...##.........,,,,,,,,,
**,,,*##.#..##.....##..,,,,,,,,,
***,,**#..#..........##.,,*,,,,,,
,*,,,* #...............S,,,,,,,,,
,,,,** ##.........S..#.#*,,*,**,*
,,,,**##.......>z.zo.#..,,,*,,,,,
,,,..##........ggozo....**,,,,*,*
,,,.............@S...##.,,,**,*,,
**,*,,,*#.<.............**,,,,,,*
****,,,#.....).......#.,,,>,**,,
#..).#....†.......#.**,,,,,,*
*#....>.......$......,,,**,*,*
#..#..............##.*,,,,,*,,
***#...............#....*,,**,,,,
*,*###.............#.##.,,,,,,**,
*,,*#................?,,,**,*,,,,


You could see 3 wights, an orc priest, 2 gnolls, 2 adders and 2 orcs.

Vanquished Creatures
  Grinder (D:5)
  Sigmund (D:2)
  A phantom (D:5)
  A bullfrog (D:5)
  A scorpion (D:4)
  A howler monkey (D:4)
  2 jellies
  3 hounds
  An orc priest (D:5)
  A sleepcap (D:4)
  2 iguanas
  Robin (D:3)
  4 gnolls
  13 adders
  A white imp (D:6)
  2 ufetubi
  A worm (D:3)
  3 dart slugs
  5 orcs
  4 endoplasms
  3 giant cockroaches
  12 goblins
  9 hobgoblins
  9 jackals
  4 quokkas
  6 ball pythons
  12 bats
  11 kobolds
  10 rats
125 creatures vanquished.

Vanquished Creatures (others)
  5 dream sheep (D:4)
5 creatures vanquished.

Grand Total: 130 creatures vanquished

Notes
Turn   | Place    | Note
-------+----------+-------------------------------------------
     0 | D:1      | dohliylev the Troll Berserker began the quest for the Orb.
     0 | D:1      | Reached XP level 1. HP: 22/22 MP: 0/0
    73 | D:1      | Reached XP level 2. HP: 20/29 MP: 1/1
   137 | D:1      | Found a faded altar of an unknown god.
   569 | D:1      | Reached ** piety under Trog
   604 | D:1      | Reached XP level 3. HP: 36/36 MP: 2/2
   843 | D:2      | Reached skill level 4 in Unarmed Combat
   853 | D:2      | Reached XP level 4. HP: 44/44 MP: 3/3
  1139 | D:2      | Found an ornate altar of the Wu Jian Council.
  1179 | D:2      | Noticed Sigmund
  1186 | D:2      | Killed Sigmund
  1187 | D:2      | Reached skill level 5 in Unarmed Combat
  1187 | D:2      | Reached XP level 5. HP: 42/53 MP: 4/4
  1357 | D:3      | Found an iron altar of Okawaru.
  1511 | D:3      | Found a shimmering blue altar of Sif Muna.
  1688 | D:3      | Noticed Robin
  1698 | D:3      | Killed Robin
  1699 | D:3      | Reached XP level 6. HP: 58/61 MP: 5/5
  1772 | D:3      | Found a sacrificial altar of Ru.
  2439 | D:4      | Found a shadowy altar of Dithmenos.
  2450 | D:4      | Reached skill level 6 in Unarmed Combat
  2567 | D:4      | Reached *** piety under Trog
  2814 | D:4      | Reached XP level 7. HP: 67/67 MP: 6/6
  2863 | D:4      | Noticed a dream sheep
  2863 | D:4      | Noticed a dream sheep
  2863 | D:4      | Noticed a dream sheep
  2863 | D:4      | Noticed a dream sheep
  2863 | D:4      | Noticed a dream sheep
  2863 | D:4      | Found a shimmering altar of Xom.
  2867 | D:4      | Killed a dream sheep
  2867 | D:4      | Killed a dream sheep
  2867 | D:4      | Killed a dream sheep
  2867 | D:4      | Killed a dream sheep
  2868 | D:4      | Killed a dream sheep
  3103 | D:5      | Entered Level 5 of the Dungeon
  3149 | D:5      | Noticed Grinder
  3158 | D:5      | Paralysed by something for 2 turns
  3163 | D:5      | Paralysed by something for 5 turns
  3168 | D:5      | HP: 3/67 [something (1)]
  3310 | D:5      | Paralysed by something for 2 turns
  3326 | D:5      | Killed Grinder
  3360 | D:5      | Found a glowing silver altar of Zin.
  3378 | D:5      | Reached skill level 7 in Unarmed Combat
  3393 | D:5      | Found an ancient bone altar of Kikubaaqudgha.
  3537 | D:5      | Found an opulent altar of Gozag.
  3875 | D:5      | Reached XP level 8. HP: 78/78 MP: 7/7
  4300 | D:6      | HP: 3/76 [wight/+3 trident (5)]
  4301 | D:6      | Slain by a gnoll

Illustrated notes

Levels and vault maps discovered:
D:1:      shiori_arrival_oz, layout_loops_ring,
          shapermc_ecumenical_altar_notcrosses, minmay_octomino_c4
D:2:      layout_loops_ring, basic_altar, minmay_crystal_water,
          lightli_corner_chamber, uniq_sigmund
D:3:      layout_basic, nicolae_sif_muna_condensation, amcnicky_altar_gilded,
          nicolae_ru_awakened_eye, uniq_robin
D:4:      layout_loops_ring, grunt_dithmenos_smoke_and_mirrors,
          kb_xom_exploding_sheep
D:5:      layout_basic, overflow_temple_1_default,
          mainiacjoe_overflow_surrounded_room, nicolae_overflow_crystal_walls,
          uniq_grinder
D:6:      layout_cave_pools, minmay_temple_entry_ruins, uniq_edmund

Skill      XL: |  1  2  3  4  5  6  7 |
---------------+----------------------+-----
Dodging        | 3 4 |  4.7
Unarmed Combat | 4 5 6 7 |  7.8
Fighting       | 3 4 |  4.2
Evocations     | |  0.1

Action                     |  1- 3 |  4- 6 |  7- 9 || total
---------------------------+-------+-------+-------++-------
  Melee: Unarmed           |   113 |   170 |    79 ||   362
         Punch             |     2 |     4 |     3 ||     9
 Invoke: Berserk           |       |     1 |     1 ||     2
         Trog's Hand       |       |       |     2 ||     2
  Evoke: Wand              |       |       |     4 ||     4
    Use: Scroll            |       |       |     4 ||     4
   Stab: Sleeping          |     2 |       |       ||     2
 Armour: Animal skin       |    51 |    55 |    28 ||   134
  Dodge: Dodged            |    64 |    96 |    48 ||   208

Table legend: (Time is in decaauts)
 A = Elapsed time spent in this place.
 B = Non-inter-level travel time spent in this place.
 C = Inter-level travel time spent in this place.
 D = Time resting spent in this place.
 E = Time spent auto-exploring this place.
 F = Levels seen in this place.
 G = Mean time per level.
                   A        B        C        D        E       F      G
               +--------+--------+--------+--------+--------+-----+--------+
         Total |   4273 |   4082 |    191 |    229 |   2932 |   6 |  712.2 |
       Dungeon |   4273 |   4082 |    191 |    229 |   2932 |   6 |  712.2 |
               +--------+--------+--------+--------+--------+-----+--------+

Top non-repeatable levels by time:
     D:3: 1029 daAuts
     D:5: 898 daAuts
     D:2: 841 daAuts
     D:4: 810 daAuts
     D:1: 673 daAuts
     D:6: 20 daAuts
